Unix NetHack Version 5.0.0-0 post-release - last build Jul 14 2026 02:55:29 (1809b74e8187c3a3585e283601c3028b46cbbdcb,branch:main).

Game began 2026-07-15 14:21:54, ended 2026-07-15 14:25:39.

Atrocia, lawful male human Knight

                                ---
                                 .
         ---                     .-
     -----.---------             .
    --......||.....---          -.
   --......---.......|          |.-
   -..........-......|          |.
  |...---..--...<...----        |G
  |..---|-.............|        #.|
  -----.|.-.---....--- -----    #.
     |.......---....|   ...|     G
     --.......---...------)|     .|
      --...................---  |.--#
       |..............--......| -)..--
       --....---......|------.--G@...|
        --...| |......|    |...u....--
         --.-- --.....|    ---......|
          ---   ---.---      ---..---
                  ---          ----
Atrocia the Gallant      St:14 Dx:9 Co:10 In:8 Wi:16 Ch:18  Lawful
Dlvl:3  $:22 HP:0(16) Pw:6(6) AC:4  Xp:1 T:581 

Latest messages:
 There is a branch staircase up to the Dungeons of Doom here.
 You see here a white gem.
 s - a white gem.
 You hear crashing rock.
 You hear crashing rock.
 You stop.  Your saddled pony is in the way!
 You hear crashing rock.
 You hit the gnome.
 The saddled pony hits the gnome.
 The gnome is killed!
 There is a gnome corpse here; eat it? [ynq] (n) y
 This gnome corpse tastes okay.
 You finish eating the gnome corpse.
 t - an arrow.
 You stop.  Your saddled pony is in the way!
 You swap places with your saddled pony.
 An arrow shoots out at you!
 You are hit by an arrow.
 In what direction? .
 Whoops...
 An arrow shoots out at you!
 You are almost hit by an arrow.
 Whoops...
 An arrow shoots out at you!
 You are hit by an arrow.
 Whoops...
 An arrow shoots out at you!
 An arrow misses you.
 Whoops...
 An arrow shoots out at you!
 You are hit by an arrow.
 This arrow trap is difficult to disarm.
 Whoops...
 You hear a loud click!
 You hear crashing rock.
 u - a red gem.
 You swap places with your saddled pony.
 The saddled pony picks up an arrow.
 The saddled pony hits the gnome lord.
 The saddled pony misses the gnome lord.
 The gnome lord thrusts one of his daggers at the saddled pony.
 The gnome lord misses the saddled pony.
 The saddled pony hits the gnome lord.
 The saddled pony misses the gnome lord.
 The gnome lord thrusts one of his daggers.
 The gnome lord hits!
 The gnome shoots an arrow!
 You are hit by an arrow.
 You die...
 Do you want your possessions identified? [ynq] (y) q

Inventory:
 Coins    ('$')
  $ - 22 gold pieces
 Weapons  (')')
  t - a +1 arrow
  a - a +1 long sword (weapon in right hand)
 Armor    ('[')
  d - an uncursed rusty +0 helmet (being worn)
  f - an uncursed +0 pair of leather gloves (being worn)
  e - an uncursed +0 small shield (being worn)
  c - an uncursed +1 ring mail (being worn)
 Comestibles  ('%')
  g - 11 uncursed apples
  h - 12 uncursed carrots
  i - 2 uncursed food rations
  q - an uncursed lembas wafer
 Scrolls  ('?')
  j - an uncursed scroll of enchant armor
  l - a cursed scroll of identify
 Potions  ('!')
  o - an uncursed potion of booze
  m - an uncursed potion of object detection
  n - a cursed potion of see invisible
  k - a blessed potion of sleeping
 Tools    ('(')
  r - a magic harp (0:7)
  p - an uncursed towel
 Gems/Stones  ('*')
  s - an uncursed diamond
  u - a cursed jasper stone

Atrocia the Knight's attributes:

Background:
 You were a Gallant, a level 1 male human Knight.
 You were lawful, on a mission for Lugh
 who was opposed by Brigit (neutral) and Manannan Mac Lir (chaotic).
 You were right-handed.
 You were in the Gnomish Mines, on level 3.
 You entered the dungeon 581 turns ago.
 There was a new moon in effect when your adventure ended.
 You had 10 experience points, 10 more were needed to attain level 2.

Basics:
 You had 0 out of 16 hit points.
 You had all 6 energy points (spell power).
 Your armor class was 4.
 Your wallet contained 22 zorkmids.
 Autopickup was on for '$"?+!=/' plus thrown.

Final Characteristics:
 Your strength was 14 (limit:18/100).
 Your dexterity was 9 (limit:18).
 Your constitution was 10 (limit:18).
 Your intelligence was 8 (limit:18).
 Your wisdom was 16 (limit:18).
 Your charisma was 18 (limit:18).

Final Status:
 You weren't hungry.
 You were unencumbered.
 You were wielding a long sword.
 You had basic skill with long sword.

Final Attributes:
 You were fervently aligned.
 You could jump.
 You were warded.
 You are dead.

Miscellaneous:
 You didn't encounter any bones levels.
 Total elapsed playing time was 3 minutes and 45 seconds.

Major events:
 Turn
    1: Atrocia the lawful male human Knight entered the dungeon
  497: entered the Gnomish Mines
  581: killed by an arrow

You didn't know any spells.

Skills:
 Fighting Skills
   bare handed combat [Unskilled]
   two weapon combat  [Unskilled]
   riding             [Basic]
 Weapon Skills
   dagger             [Unskilled]
   knife              [Unskilled]
   axe                [Unskilled]
   pick-axe           [Unskilled]
   short sword        [Unskilled]
   broadsword         [Unskilled]
   long sword         [Basic]
   two-handed sword   [Unskilled]
   saber              [Unskilled]
   club               [Unskilled]
   mace               [Unskilled]
   morning star       [Unskilled]
   flail              [Unskilled]
   hammer             [Unskilled]
   polearms           [Unskilled]
   spear              [Unskilled]
   trident            [Unskilled]
   lance              [Basic]
   bow                [Unskilled]
   crossbow           [Unskilled]
 Spellcasting Skills
   attack spells      [Unskilled]
   healing spells     [Unskilled]
   clerical spells    [Unskilled]

Voluntary challenges:
 Character rerolling was not enabled.
 You were an atheist.
 You were illiterate.
 You never genocided any monsters.
 You never polymorphed an object.
 You never changed form.
 You used no wishes.
Achievement:
 You entered the Gnomish Mines.

 The Dungeons of Doom: levels 1 to 2
    Level 1:
       A fountain.
    Level 2:
       A fountain.
       Stairs down to The Gnomish Mines.
 The Gnomish Mines:
    Level 3: <- You were here.
       Final resting place for
          you, killed by an arrow.


Vanquished creatures:
  2 gnomes
  a jackal
  a kobold
  a kobold zombie
  3 newts
8 creatures vanquished.

No species were genocided or became extinct.

Game over:
                       ----------
                      /          \
                     /    REST    \
                    /      IN      \
                   /     PEACE      \
                  /                  \
                  |     Atrocia      |
                  |      22 Au       |
                  |   killed by an   |
                  |      arrow       |
                  |                  |
                  |                  |
                  |       2026       |
                 *|     *  *  *      | *
        _________)/\\_//(\/(/\)/\//\/|_)_______

Fare thee well Atrocia the Knight...

You died in The Gnomish Mines on dungeon level 3 with 160 points,
and 22 pieces of gold, after 581 moves.
You were level 1 with a maximum of 16 hit points when you died.

